 Dungeon Crawl Stone Soup version 0.28-a0-1286-g6bde065e89 (webtiles) character file.

Game seed: 10234128079516909492

81 blank1 the Protected (level 4, -1/32 HPs)
             Began as a Gnoll Wanderer on Dec 27, 2021.
             Slain by a white imp (2 damage)
             ... summoned by Natasha
             ... on level 2 of the Dungeon.
             The game lasted 00:03:16 (2307 turns).

blank1 the Protected (Gnoll Wanderer)               Turns: 2307, Time: 00:03:17

Health: -1/32      AC:  6    Str: 15    XL:     4   Next: 42%
Magic:  5/5        EV: 10    Int: 10    God:
Gold:   131        SH:  0    Dex: 11    Spells: 5/5 levels left

rFire   . . .      SeeInvis .   a - +2 quarterstaff
rCold   . . .      Faith    .   (shield currently unavailable)
rNeg    . . .      Spirit   .   c - +0 ring mail
rPois   .          Reflect  .   (no helmet)
rElec   .          Harm     .   (no cloak)
rCorr   .          Rampage  .   (no gloves)
Will    .....                   (no boots)
Stlth   +.........              (no amulet)
HPRegen 0.10/turn               (no ring)
MPRegen 0.09/turn               (no ring)

@: no status effects
A: fangs 1, strong nose, distributed training
a: no special abilities


You were on level 2 of the Dungeon.
You visited 1 branch of the dungeon, and saw 2 of its levels.

You collected 131 gold pieces.

Inventory:

Hand Weapons
 a - a +2 quarterstaff (weapon)
 b - a +0 hand axe
Missiles
 m - 8 stones (quivered)
Armour
 c - a +0 ring mail (worn)
Scrolls
 d - a scroll of blinking {unknown}
 g - 2 scrolls of fog {unknown}
 i - a scroll of magic mapping {unknown}
 j - a scroll of enchant armour {unknown}
 k - a scroll of silence {unknown}
 p - a scroll of identify
Potions
 e - a potion of mutation
 f - a potion of flight
 h - a potion of might
 l - a potion of heal wounds {unknown}
 n - a potion of attraction {unknown}
 o - a potion of lignification {unknown}


   Skills:
 + Level 1.1 Fighting
 + Level 1.1 Short Blades
 + Level 1.1 Long Blades
 + Level 2.7 Axes
 + Level 1.1 Maces & Flails
 + Level 1.1 Polearms
 + Level 6.6 Staves
 + Level 1.1 Slings
 + Level 1.1 Bows
 + Level 1.1 Crossbows
 + Level 2.7 Throwing
 + Level 8.5 Armour
 + Level 1.1 Dodging
 + Level 1.1 Stealth
 + Level 1.1 Shields
 + Level 1.1 Unarmed Combat
 + Level 1.1 Spellcasting
 + Level 0.9 Conjurations
 + Level 0.9 Hexes
 + Level 0.9 Summonings
 + Level 0.9 Necromancy
 + Level 0.9 Translocations
 + Level 0.9 Transmutations
 + Level 0.9 Fire Magic
 + Level 0.9 Ice Magic
 + Level 0.9 Air Magic
 + Level 0.9 Earth Magic
 + Level 0.9 Poison Magic
 + Level 1.2 Invocations
 + Level 2.7 Evocations


You had 5 spell levels left.
You didn't know any spells.
Your spell library contained the following spells:

 Spells                   Type           Power      Damage    Failure   Level
 Sting                    Tmut/Pois      8%         1d3       38%         1
 Poisonous Vapours        Pois/Air       4%         N/A       52%         2
 Stone Arrow              Conj/Erth      4%         3d7       77%         3
 Animate Armour           Summ/Erth      4%         N/A       99%         4
 Olgreb's Toxic Radiance  Pois           2%         N/A       99%         4
 Lehudib's Crystal Spear  Conj/Erth      1%         10d2      100%        8


Dungeon Overview and Level Annotations

Branches:
Dungeon (2/15)

Altars:
Ashenzari

Annotations:
D:2 Natasha


Innate Abilities, Weirdness & Mutations

You have very sharp teeth.
Your uncanny sense of smell can sniff out nearby items.
Your experience applies equally to all skills.


Message History

The shadow imp disappears in a puff of smoke!
The crimson imp disappears in a puff of smoke!
You have reached level 4!
You feel stronger.
You see here the felid corpse of Natasha.
m - 6 stones (gained 1)
m - 7 stones (gained 1)
m - 8 stones (gained 1) Natasha, Servant of Life and Death comes into view.
Natasha hisses angrily.
Natasha stares at you and mumbles some strange words.
The magic dart hits you.
You barely miss Natasha. Natasha claws you!
You closely miss Natasha. Natasha closely misses you.
You closely miss Natasha. Natasha barely misses you.
You barely miss Natasha. Your bite misses Natasha. Natasha claws you!
You hit Natasha.
Natasha is moderately wounded.
Natasha mumbles some strange words.
You hit Natasha.
Natasha is heavily wounded.
Natasha claws you but does no damage. The white imp barely misses you.
You hit Natasha but do no damage.
Natasha is heavily wounded.
Natasha claws you.
* * * LOW HITPOINT WARNING * * *
The white imp hits you.
* * * LOW HITPOINT WARNING * * *
The white imp freezes you.
* * * LOW HITPOINT WARNING * * *
You barely miss Natasha.
Natasha is heavily wounded.
Natasha casts a spell at you. You resist with some effort.
You closely miss Natasha.
Natasha is heavily wounded.
The white imp hits you.
* * * LOW HITPOINT WARNING * * *
The white imp freezes you.
You die...

###...#.# #.##..####..#
#..(... ##......#
#.##..#...(.# #..####
##......#
##.##..#.....# #..#
#......###........)...#
#..# ##
#....#.........<#.....#
#..# #.
#.########.)###.#..>..#
#..# #. ##.# #..#
#.###.### #..# #. ...#
#..# #h# #.# #..###.
#### #).#
#@###.######..##.. ..#
#..###.5...........>..#
#.#
#........†....#######..
#.# ##.#######.##.#
#... #.##########.#
#.##.# #.#.
#............# #.##.#
#.#. #.############
#.##.# #.## #.# #.##.#
#.# #.# #.##.# #.#


You could see Natasha and a white imp (summoned).

Vanquished Creatures
  Natasha (D:2)
  An adder (D:2)
  A dart slug (D:1)
  3 ball pythons
  4 bats
  7 endoplasms
  A giant cockroach (D:1)
  2 goblins
  7 hobgoblins
  6 kobolds
  A quokka (D:1)
  2 frilled lizards (D:1)
  4 rats
40 creatures vanquished.

Notes
Turn   | Place    | Note
-------+----------+-------------------------------------------
     0 | D:1      | blank1 the Gnoll Wanderer began the quest for the Orb.
     0 | D:1      | blank1 set off with the following items: a +2 quarterstaff,
                  | a +0 hand axe, a +0 ring mail
     0 | D:1      | Reached XP level 1. HP: 13/13 MP: 1/1
   208 | D:1      | Reached XP level 2. HP: 7/19 MP: 2/2
   837 | D:1      | Reached XP level 3. HP: 25/25 MP: 3/3
   870 | D:1      | Found a faded altar of an unknown god.
  1396 | D:2      | Reached skill level 1 in Invocations
  1539 | D:2      | Found a broken altar of Ashenzari.
  1605 | D:2      | Reached skill level 1 in Fighting
  1605 | D:2      | Reached skill level 1 in Short Blades
  1605 | D:2      | Reached skill level 1 in Long Blades
  1605 | D:2      | Reached skill level 1 in Maces & Flails
  1605 | D:2      | Reached skill level 1 in Polearms
  1605 | D:2      | Reached skill level 1 in Slings
  1605 | D:2      | Reached skill level 1 in Bows
  1605 | D:2      | Reached skill level 1 in Crossbows
  1605 | D:2      | Reached skill level 1 in Dodging
  1605 | D:2      | Reached skill level 1 in Stealth
  1605 | D:2      | Reached skill level 1 in Shields
  1605 | D:2      | Reached skill level 1 in Unarmed Combat
  1605 | D:2      | Reached skill level 1 in Spellcasting
  2151 | D:2      | Noticed Natasha
  2163 | D:2      | Killed Natasha
  2164 | D:2      | Reached XP level 4. HP: 29/32 MP: 5/5
  2296 | D:2      | Noticed Natasha
  2307 | D:2      | HP: 1/32 [white imp[Natasha] (3)]
  2307 | D:2      | Slain by a white imp

Illustrated notes

Levels and vault maps discovered:
D:1:      heliophobic_arrival_henge, layout_loops_ring,
          ebering_ecumenical_altar_webs
D:2:      layout_loops_ring, basic_altar, roderic_roman_lattice, uniq_natasha

Skill      XL: |  1  2  3 |
---------------+----------+-----
Invocations    | 1 |  1.2
Fighting       | 1 |  1.1
Short Blades   | 1 |  1.1
Long Blades    | 1 |  1.1
Maces & Flails | 1 |  1.1
Polearms       | 1 |  1.1
Slings         | 1 |  1.1
Bows           | 1 |  1.1
Crossbows      | 1 |  1.1
Dodging        | 1 |  1.1
Stealth        | 1 |  1.1
Shields        | 1 |  1.1
Unarmed Combat | 1 |  1.1
Spellcasting   | 1 |  1.1
Axes           | |  2.7
Staves         | |  6.6
Throwing       | |  2.7
Armour         | |  8.5
Conjurations   | |  0.9
Hexes          | |  0.9
Summonings     | |  0.9
Necromancy     | |  0.9
Translocations | |  0.9
Transmutations | |  0.9
Fire Magic     | |  0.9
Ice Magic      | |  0.9
Air Magic      | |  0.9
Earth Magic    | |  0.9
Poison Magic   | |  0.9
Evocations     | |  2.7

Action                   |  1- 3 |  4- 6 || total
-------------------------+-------+-------++-------
Melee: Quarterstaff      |    93 |     9 ||   102
       Bite              |     9 |       ||     9
Throw: Stone             |     3 |       ||     3
  Use: Scroll            |     3 |       ||     3
Armor: Ring mail         |    35 |     1 ||    36
Dodge: Dodged            |    37 |     3 ||    40

Table legend: (Time is in decaauts)
 A = Elapsed time spent in this place.
 B = Non-inter-level travel time spent in this place.
 C = Inter-level travel time spent in this place.
 D = Time resting spent in this place.
 E = Time spent auto-exploring this place.
 F = Levels seen in this place.
 G = Mean time per level.
                   A        B        C        D        E       F      G
               +--------+--------+--------+--------+--------+-----+--------+
         Total |   2303 |   2265 |     38 |    548 |   1410 |   2 | 1151.5 |
       Dungeon |   2303 |   2265 |     38 |    548 |   1410 |   2 | 1151.5 |
               +--------+--------+--------+--------+--------+-----+--------+

Top non-repeatable levels by time:
     D:2: 1178 daAuts
     D:1: 1125 daAuts
